 Seeded DCSS version 0.31-a0-121-g1e386dd289 (webtiles) character file.

Game seed: 2700300885133496189 (custom seed)

485 Pimp the Digger (level 7, -2/40 HPs)
             Began as a Gargoyle Earth Elementalist on May 31, 2023.
             Was an Initiate of Vehumet.
             Slain by Duvessa
             ... wielding a +0 short sword
              (8 damage)
             ... on level 4 of the Dungeon.
             The game lasted 00:09:03 (3202 turns).

Pimp the Digger (Gargoyle Earth Elementalist)       Turns: 3202, Time: 00:09:04

Health: -2/40      AC: 10    Str: 12    XL:     7   Next: 13%
Magic:  11/11      EV: 12    Int: 17    God:    Vehumet [......]
Gold:   240        SH:  0    Dex: 12    Spells: 2/12 levels left

rFire   . . .        o - staff of earth "Zionwot" {rPois Dex+2}
rCold   . . .        (no shield)
rNeg    + . .        u - +2 robe {Will+}
rPois   ∞            (no helmet)
rElec   +            (no cloak)
rCorr   .            c - +0 pair of gloves
SInv    .            t - +0 pair of boots
Will    ++...        (no amulet)
Stlth   ++           m - ring of willpower
HPRegen 0.26/turn    (no ring)
MPRegen 0.12/turn

%: no passive effects
@: no status effects
A: sickness immunity, AC +4, negative energy resistance 1, electricity
resistance, torment resistance 1, petrification resistance
a: Renounce Religion


You were on level 4 of the Dungeon.
You worshipped Vehumet.
Vehumet was noncommittal.
You visited 1 branch of the dungeon, and saw 4 of its levels.

You collected 240 gold pieces.

Inventory:

Hand Weapons
 i - the +6 dagger of the Imperium {spect, rElec}
   (You found it on level 2 of the Dungeon)

   rElec:     It insulates you from electricity.
Armour
 a - a +0 robe
 c - a +0 pair of gloves (worn)
 t - a +0 pair of boots (worn)
 u - a +2 robe of willpower (worn)
Magical Staves
 o - the staff of earth "Zionwot" (weapon) {rPois Dex+2}
   (You acquired it on level 4 of the Dungeon)

   [staff of earth]

   Base accuracy: +5 Base damage: 5 Base attack delay: 1.2 This weapon's minimum
   attack delay (0.6) is reached at skill level 12.
   Dex:       It affects your dexterity (+2).
   rPois:     It protects you from poison.
   It falls into the 'Staves' category.
   It is a one-handed weapon.
Jewellery
 m - a ring of willpower (left hand)
 y - a ring of ice
Scrolls
 e - a scroll of teleportation {unknown}
 g - 2 scrolls of fear
 j - a scroll of fog {unknown}
 k - a scroll of immolation {unknown}
 l - 2 scrolls of amnesia {unknown}
 n - a scroll of blinking {unknown}
 p - 3 scrolls of enchant armour {unknown}
 q - a scroll of silence {unknown}
 w - a scroll of identify
 x - 2 scrolls of enchant weapon {unknown}
 A - a scroll of magic mapping
Potions
 b - a potion of magic
 d - a potion of might {unknown}
 f - a potion of haste
 h - a potion of curing
 r - a potion of degeneration
 s - a potion of brilliance
 v - a potion of berserk rage {unknown}
 z - a potion of cancellation {unknown}


   Skills:
 + Level 2.2 Fighting
 - Level 1.2 Short Blades
 + Level 2.8 Dodging
 - Level 3.0 Stealth
 + Level 3.2 Spellcasting
 + Level 1.4 Conjurations
 + Level 2.3 Transmutations
 * Level 5.6 Earth Magic


You had 2 spell levels left.
You knew the following spells:

 Your Spells              Type           Power      Damage    Failure   Level
a - Sandblast             Erth           64%        2d14      1%          1
b - Stone Arrow           Conj/Erth      44%        3d9       12%         3
c - Leda's Unmaking       Conj/Erth      11%        9d3       99%         6

Your spell library contained the following spells:

 Spells                   Type           Power      Damage    Failure   Level
 Passwall                 Tmut/Erth      20%        N/A       4%          2
 Petrify                  Tmut/Erth      24%        N/A       32%         4
 Ozocubu's Armour         Ice            2%         N/A       45%         3
 Iskenderun's Battlesphe  Conj           7%         2d6       95%         5
 Metabolic Englaciation   Hex/Ice        1%         N/A       99%         5
 Simulacrum               Ice/Necr       1%         N/A       100%        6
 Spellforged Servitor     Conj/Summ      2%         N/A       100%        7


Dungeon Overview and Level Annotations

Branches:
Dungeon (4/15)             Temple (0/1) D:4

Altars:
Sif Muna
Vehumet
Yredelemnul
Zin

Annotations:
D:4 Duvessa


Innate Abilities, Weirdness & Mutations

You are immune to sickness and miasma.
Your stone body is resilient. (AC +4)
You are immune to poison.
You resist negative energy. (rN+)
You are resistant to electric shocks. (rElec)
You are resistant to unholy torment.
You are immune to petrification.


Message History

You kill Dowan!
Vehumet accepts your kill.
You hear a distant scream of rage.
Duvessa goes berserk!
Things that are here:
a +0 dagger; a +0 robe You feel a surge of power!
The blast of sand hits Duvessa but does no damage.
Duvessa closely misses you. Duvessa barely misses you.
Duvessa hits you but does no damage.
You feel a surge of power!
The blast of sand hits Duvessa!
Duvessa is lightly wounded.
Duvessa barely misses you. Duvessa hits you but does no damage.
You feel a surge of power!
The blast of sand hits Duvessa!
Duvessa is moderately wounded.
Duvessa hits you with a +0 short sword! Duvessa closely misses you.
You feel a surge of power!
The blast of sand misses Duvessa.
Duvessa hits you with a +0 short sword. Duvessa closely misses you.
You feel a surge of power!
The blast of sand hits Duvessa.
Duvessa is moderately wounded.
Duvessa hits you with a +0 short sword. x2
Duvessa hits you but does no damage.
You are too injured to fight recklessly!
Unknown command.
Casting: Sandblast (safe; 1% risk of failure)
Confirm with . or Enter, or press ? or * to list all spells.
Aiming: Stone Arrow (dangerous; 12% risk of failure)
Press: ? - help, Shift-Dir - straight line, f/p - Duvessa
Aim: Duvessa, wielding a +0 short sword and wearing a +3 leather armour of cold resistance (moderately wounded, berserk, 75% to hit)
You feel a surge of power!
The stone arrow hits Duvessa!
Duvessa is severely wounded.
Duvessa closely misses you.
Casting: Stone Arrow (dangerous; 12% risk of failure)
Confirm with . or Enter, or press ? or * to list all spells.
You don't have enough magic to cast this spell.
Unknown command.
Magic courses through your body. Duvessa hits you with a +0 short sword!
* * * LOW HITPOINT WARNING * * *
Duvessa hits you with a +0 short sword!
You die...

#...)................#..#..>#
#...............##..##..#...#
##...##...####..##..##..##.>#
##...##...####'###..##..##..#
#....'..........#...........#
#.>..#......<...#...........#
#.....#.....##..###[##.######
##....########.e###.##.##
####.# #...@.......# ###
###....)......#
#.............#
#.#...........#
#............##
#..###.......##
#....###......#
#......###....#
#........###..#


You could see Duvessa (berserk).

Vanquished Creatures
  Sigmund (D:4)
  A phantom (D:4)
  A scorpion (D:4)
  Dowan (D:4)
  2 iguanas (D:4)
  4 adders
  A dart slug (D:4)
  3 orcs
  5 endoplasms
  3 giant cockroaches
  5 goblins
  3 hobgoblins
  3 quokkas
  10 ball pythons
  4 bats (D:1)
  2 frilled lizards
  7 kobolds
  9 rats
65 creatures vanquished.

Notes
Turn   | Place    | Note
-------+----------+-------------------------------------------
     0 | D:1      | Pimp the Gargoyle Earth Elementalist began the quest for
                  | the Orb.
     0 | D:1      | Reached XP level 1. HP: 10/10 MP: 3/3
    18 | D:1      | You fall into a shaft and drop 1 floor!
    27 | D:2      | Reached skill level 1 in Transmutations
    27 | D:2      | Reached XP level 2. HP: 7/15 MP: 1/5
   247 | D:2      | Reached XP level 3. HP: 19/19 MP: 2/6
   331 | D:2      | Reached skill level 4 in Earth Magic
   655 | D:2      | Identified the +6 dagger of the Imperium {spect, rElec}
  1026 | D:1      | Reached XP level 4. HP: 24/24 MP: 7/7
  1523 | D:3      | Learned a level 3 spell: Stone Arrow
  2111 | D:3      | Found a glowing silver altar of Zin.
  2112 | D:3      | Found a shimmering blue altar of Sif Muna.
  2116 | D:3      | Found a basalt altar of Yredelemnul.
  2118 | D:3      | Found a radiant altar of Vehumet.
  2125 | D:3      | Became a worshipper of Vehumet
  2557 | D:4      | Noticed Duvessa
  2557 | D:4      | Noticed Dowan
  2709 | D:3      | Identified a scroll of acquirement
  2755 | D:4      | Noticed a phantom
  2758 | D:4      | Reached XP level 5. HP: 24/28 MP: 8/8
  2771 | D:4      | Killed a phantom
  2772 | D:4      | Reached skill level 1 in Fighting
  2772 | D:4      | Reached skill level 1 in Short Blades
  2905 | D:4      | Acquired the staff of earth "Zionwot" {rPois Dex+2}
  2982 | D:4      | Reached XP level 6. HP: 34/34 MP: 7/10
  2989 | D:4      | Learned a level 6 spell: Leda's Unmaking
  3045 | D:4      | Found a staircase to the Ecumenical Temple.
  3094 | D:4      | Noticed Sigmund
  3097 | D:4      | Killed Sigmund
  3098 | D:4      | Reached skill level 1 in Conjurations
  3098 | D:4      | Reached skill level 5 in Earth Magic
  3101 | D:4      | Reached XP level 7. HP: 34/40 MP: 5/11
  3193 | D:4      | Killed Dowan
  3202 | D:4      | Slain by Duvessa

Illustrated notes

Levels and vault maps discovered:
D:1:      sevenhm_arrival_forest_fort_small_4, layout_basic,
          kennysheep_pointless_box, minmay_misc_feat_x
D:2:      layout_basic
D:3:      layout_basic, chequers_temple_overflow_statue_of_worship, st_stairs_6,
          minivault_5
D:4:      layout_gridville, temple_fountains, minmay_unequal, uniq_sigmund,
          uniq_duvessa

Skill      XL: |  1  2  3  4  5  6 |
---------------+-------------------+-----
Transmutations | 1 2 |  2.3
Earth Magic    | 4 5 |  5.6
Dodging        | 2 |  2.8
Stealth        | 3 |  3.0
Fighting       | 1 2 |  2.2
Short Blades   | 1 |  1.2
Spellcasting   | 3 |  3.2
Conjurations   | 1 |  1.4

Action                     |  1- 3 |  4- 6 |  7- 9 || total
---------------------------+-------+-------+-------++-------
  Melee: Unarmed           |    13 |       |       ||    13
         Dagger            |    26 |    54 |       ||    80
         Punch             |       |     1 |       ||     1
   Cast: Sandblast         |    13 |    22 |     8 ||    43
         Stone Arrow       |       |       |     1 ||     1
    Use: Scroll            |     2 |     6 |       ||     8
         Potion            |       |     2 |     1 ||     3
   Stab: Sleeping          |     6 |     4 |       ||    10
 Armour: Robe              |    13 |    22 |     4 ||    39
  Dodge: Dodged            |    35 |    43 |     6 ||    84

Table legend: (Time is in decaauts)
 A = Elapsed time spent in this place.
 B = Non-inter-level travel time spent in this place.
 C = Inter-level travel time spent in this place.
 D = Time resting spent in this place.
 E = Time spent auto-exploring this place.
 F = Levels seen in this place.
 G = Mean time per level.
                   A        B        C        D        E       F      G
               +--------+--------+--------+--------+--------+-----+--------+
         Total |   3226 |   2982 |    244 |    149 |   2188 |   4 |  806.5 |
       Dungeon |   3226 |   2982 |    244 |    149 |   2188 |   4 |  806.5 |
               +--------+--------+--------+--------+--------+-----+--------+

Top non-repeatable levels by time:
     D:3: 1213 daAuts
     D:2: 741 daAuts
     D:1: 694 daAuts
     D:4: 576 daAuts
